 Dungeon Crawl Stone Soup version 0.28.0-45-g0d030f2227 (webtiles) character file.

Game seed: 5863100399535986852

590 psko the Magician (level 7, -6/32 HPs)
             Began as a Spriggan Conjurer on Apr 3, 2022.
             Mangled by a polar bear (19 damage)
             ... created by the rage of Trog
             ... on level 4 of the Dungeon.
             The game lasted 00:36:35 (5749 turns).

psko the Magician (Spriggan Conjurer)               Turns: 5749, Time: 00:36:35

Health: -6/32      AC:  4    Str:  5    XL:     7   Next: 15%
Magic:  17/17      EV: 18    Int: 20    God:
Gold:   121        SH:  0    Dex: 13    Spells: 17/18 levels left

rFire   + + .      SeeInvis +   s - +2 dagger (holy)
rCold   + . .      Faith    .   (no shield)
rNeg    . . .      Spirit   .   m - +2 robe {rC+ rF+}
rPois   .          Reflect  .   (helmet restricted)
rElec   .          Harm     .   (no cloak)
rCorr   .          Rampage  .   (gloves unavailable)
Will    +....                   (boots unavailable)
Stlth   +++.......              (no amulet)
HPRegen 0.10/turn               d - ring of protection from fire
MPRegen 0.15/turn               (no ring)

@: very quick
A: very small, no large weapons, unfitting armour, see invisible, speed 3
a: no special abilities


You were on level 4 of the Dungeon.
You visited 1 branch of the dungeon, and saw 4 of its levels.

You collected 121 gold pieces.

Inventory:

Hand Weapons
 b - a +1 vampiric whip
 r - a +3 hunting sling
 s - a +2 dagger of holy wrath (weapon)
Missiles
 c - 47 arrows
 f - 4 atropa-tipped darts
 k - 36 bolts
Armour
 a - a +0 robe
 m - a +2 robe of resistance (worn)
 t - a +0 leather armour
Jewellery
 d - a ring of protection from fire (left hand)
Wands
 l - a wand of flame (19)
Scrolls
 e - 3 scrolls of immolation
 g - 2 scrolls of teleportation
 i - a scroll of magic mapping {unknown}
 p - a scroll of fog {unknown}
 q - a scroll of enchant armour {unknown}
Potions
 h - 3 potions of might
 j - a potion of resistance
 n - 4 potions of curing
 o - a potion of berserk rage


   Skills:
 + Level 0.5 Fighting
 + Level 4.6 Dodging
 + Level 4.8 Stealth
 - Level 6.1 Spellcasting
 - Level 4.6 Conjurations


You had 17 spell levels left.
You knew the following spells:

 Your Spells              Type           Power      Damage    Failure   Level
a - Magic Dart            Conj           96%        1d7       1%          1

Your spell library contained the following spells:

 Spells                   Type           Power      Damage    Failure   Level
 Searing Ray              Conj           48%        2d6       2%          2
 Dazzling Flash           Conj/Hex       30%        N/A       12%         3
 Fulminant Prism          Conj/Hex       7%         3d7       36%         4
 Iskenderun's Mystic Bla  Conj/Tloc      15%        2d5       36%         4
 Starburst                Conj/Fire      7%         6d4       99%         6


Dungeon Overview and Level Annotations

Branches:
Dungeon (4/15)
 Temple: D:4-7

Altars:
Trog

Annotations:
D:3 Terence


Innate Abilities, Weirdness & Mutations

You are very small and have problems with some larger weapons.
You are too small for most types of armour.
You have supernaturally acute eyesight. (SInv)
You cover ground extremely quickly. (Speed+++)


Message History

Aiming: Magic Dart (safe; 1% risk of failure)
Press: ? - help, Shift-Dir - straight line, f/p - adder skeleton
Aim: an adder skeleton (heavily damaged, 100% to hit)
The magic dart hits the adder skeleton!
You destroy the adder skeleton!
Casting: Magic Dart (safe; 1% risk of failure)
Confirm with . or Enter, or press ? or * to list all spells.
Okay, then.
Magic restored.
Trog sends monsters to punish you. 2 black bears and 2 polar bears come into view.
You hit the black bear.
The black bear is lightly wounded.
The black bear closely misses you. The black bear misses you.
The black bear closely misses you. The black bear barely misses you.
The black bear closely misses you. The black bear misses you.
You hit the black bear.
The black bear is lightly wounded.
The polar bear closely misses you. x2; The polar bear barely misses you.
The black bear bites you! The black bear completely misses you.
The black bear closely misses you. The black bear completely misses you.
The black bear claws you. The black bear closely misses you.
The polar bear misses you. The polar bear barely misses you.
The polar bear closely misses you. The black bear bites you!
The black bear misses you. The black bear barely misses you.
Unknown command.
Unknown command.
Really walk into that dispersal trap?
You enter a dispersal trap!
The polar bear blinks!
The black bear blinks!
The polar bear blinks!
The black bear blinks!
The polar bear blinks!
The black bear blinks!
The polar bear blinks! x2; You blink.
You hear an angry growl.
The black bear rages.
Found a stone staircase leading down.
The polar bear rages.
An endoplasm comes into view.
The endoplasm quivers.
The polar bear bites you!!
Ouch! That really hurt!
You die...

.........# .......
.........# ##.......
.........### ##........
...........####.........
.###..........#.>.......
.# #....###.............
.# ##... ###hh.........
## #... ###h.....J.. #
#... #.@....... # ##..
#......... # #..
#.......... #
#........... #
#....####.... # #....##
#... .# .....# ##. ...
....# .....


You could see 2 polar bears, a black bear (berserk) and an endoplasm.

Vanquished Creatures
  Sigmund (D:2)
  2 scorpions
  A bullfrog skeleton (D:3)
  Natasha (thrice) (D:3)
  An iguana (D:4)
  4 gnolls (D:2)
  5 adders
  An adder skeleton (D:4)
  A worm (D:3)
  A dart slug (D:1)
  7 orcs
  9 bats
  7 endoplasms
  12 giant cockroaches (D:3)
  5 hobgoblins
  4 jackals (D:2)
  4 quokkas
  7 ball pythons
  2 frilled lizards (D:1)
  7 goblins
  6 kobolds
  6 rats
96 creatures vanquished.

Vanquished Creatures (others)
  12 fungi (D:1)
  28 plants
40 creatures vanquished.

Grand Total: 136 creatures vanquished

Notes
Turn   | Place    | Note
-------+----------+-------------------------------------------
     0 | D:1      | psko the Spriggan Conjurer began the quest for the Orb.
     0 | D:1      | Reached XP level 1. HP: 9/9 MP: 5/5
   470 | D:1      | Reached XP level 2. HP: 13/13 MP: 4/6
   944 | D:1      | Reached skill level 3 in Spellcasting
  1125 | D:1      | Reached XP level 3. HP: 15/16 MP: 3/8
  1734 | D:2      | Reached XP level 4. HP: 19/21 MP: 0/10
  2366 | D:2      | Reached skill level 4 in Spellcasting
  2681 | D:2      | Noticed Sigmund
  2750 | D:2      | Killed Sigmund
  2751 | D:2      | Reached skill level 5 in Spellcasting
  2751 | D:2      | Reached XP level 5. HP: 19/24 MP: 0/13
  2751 | D:2      | Reached XP level 6. HP: 22/28 MP: 0/14
  3591 | D:3      | Found a faded altar of an unknown god.
  3591 | D:3      | Noticed Natasha
  3630 | D:3      | Killed Natasha
  3635 | D:3      | Noticed Natasha
  3748 | D:3      | Killed Natasha
  3798 | D:3      | Noticed Natasha
  3813 | D:3      | Killed Natasha
  3814 | D:3      | Reached skill level 6 in Spellcasting
  3817 | D:3      | Prayed at the altar of an unknown god.
  3817 | D:3      | Became a worshipper of Trog the Wrathful
  3817 | D:3      | Reached * piety under Trog
  3951 | D:3      | Was placed under penance by Trog
  3966 | D:3      | Noticed Terence
  4074 | D:4      | Fell from the grace of Trog
  4080 | D:4      | Reached XP level 7. HP: 18/32 MP: 6/17
  5733 | D:4      | Noticed a polar bear
  5733 | D:4      | Noticed a polar bear
  5749 | D:4      | Mangled by a polar bear

Illustrated notes

Levels and vault maps discovered:
D:1:      minmay_arrival_plants_in_alcoves, layout_loops_ring,
          minmay_fountain_box
D:2:      layout_loops_ring, serial_bayou, serial_bayou_shore_a,
          serial_bayou_lake_a, serial_bayou_shore_b, serial_bayou_pond_b,
          serial_bayou_ford_a, nrook_mini_vaults, uniq_sigmund
D:3:      minmay_roachtagon, layout_loops_ring,
          dreamdust_ecumenical_altar_angels_and_demons, kennysheep_cross_room,
          uniq_natasha, uniq_terence
D:4:      layout_layer_cave, serial_bayou_pond_c, kennysheep_generic_room_3

Skill      XL: |  1  2  3  4  5  6 |
---------------+-------------------+-----
Conjurations   | 3 4 |  4.6
Dodging        | 3 4 |  4.6
Spellcasting   | 3 5 6 |  6.1
Stealth        | 4 |  4.8
Fighting       | |  0.5

Action                   |  1- 3 |  4- 6 |  7- 9 || total
-------------------------+-------+-------+-------++-------
Melee: Unarmed           |    59 |       |       ||    59
       Punch             |     1 |       |       ||     1
       Dagger            |       |       |     2 ||     2
 Cast: Magic Dart        |    91 |   148 |   110 ||   349
  Use: Scroll            |     2 |     3 |       ||     5
Armor: Robe              |     2 |     2 |     2 ||     6
Dodge: Dodged            |    18 |    30 |    31 ||    79
